 Dungeon Crawl Stone Soup version 0.31.0-12-g77e489cdc1 (webtiles) character file.

Game seed: 4099975281052100948

1724 Goreval the Cudgeller (level 8, -1/72 (80) HPs)
             Began as a Troll Berserker on Mar 4, 2024.
             Was an Elder of Trog.
             Slain by an ice beast (14 damage)
             ... on level 6 of the Dungeon.
             The game lasted 00:11:25 (4772 turns).

Goreval the Cudgeller (Troll Berserker)             Turns: 4772, Time: 00:11:26

HP:   -1/72 (80)    AC:  0    Str: 28    XL:     8   Next: 75%
MP:   7/7           EV:  9    Int:  3    God:    Trog [****..]
Gold: 240           SH:  7    Dex:  9    Spells: 7/7 levels left

rFire   . . .        a - +0 mace
rCold   . . .        d - +0 kite shield
rNeg    . . .        b - +0 animal skin
rPois   .            (helmet restricted)
rElec   .            j - scarf {repulsion}
rCorr   .            (gloves unavailable)
SInv    .            (boots unavailable)
Will    ++...        c - amulet of faith
Stlth   +            (no ring)
HPRegen 2.12/turn    (no ring)
MPRegen 0.10/turn

%: repel missiles, faith
@: strong-willed, corroded, regenerating, heavily drained
A: large, unfitting armour, claws 3, regeneration 1, shaggy fur 1, tough skin 1
a: Renounce Religion, Berserk, Trog's Hand, Brothers in Arms


You were on level 6 of the Dungeon.
You worshipped Trog.
Trog was greatly pleased with you.
You visited 1 branch of the dungeon, and saw 6 of its levels.
You also visited: Sewer.

You collected 240 gold pieces.

Inventory:

Hand Weapons
 a - a +0 mace (weapon)
Armour
 b - a +0 animal skin (worn)
 d - a +0 kite shield (worn)
 j - a scarf of repulsion (worn)
Jewellery
 c - an amulet of faith (around neck)
Wands
 t - a wand of flame (30)
 w - a wand of charming (5)
Scrolls
 g - 9 scrolls of identify {unknown}
 i - a scroll of fear {unknown}
 o - a scroll of vulnerability {unknown}
 p - 3 scrolls of enchant armour {unknown}
 r - 2 scrolls of torment {unknown}
 u - a scroll of fog {unknown}
 x - a scroll of noise {unknown}
 y - a scroll of poison {unknown}
Potions
 e - a potion of lignification {unknown}
 f - 2 potions of mutation {unknown}
 h - a potion of curing {unknown}
 k - a potion of resistance {unknown}
 l - 2 potions of might {unknown}
 m - a potion of heal wounds {unknown}
 n - 2 potions of haste {unknown}
 q - a potion of berserk rage {unknown}
 s - 2 potions of ambrosia {unknown}
 v - 2 potions of attraction {unknown}


   Skills:
 + Level 5.2 Fighting
 * Level 7.8 Maces & Flails
 - Level 4.3 Dodging
 + Level 2.7 Shields


You had 7 spell levels left.
You didn't know any spells.
Your spell library was empty.

Dungeon Overview and Level Annotations

Branches:
Dungeon (6/15) Zot: 26335   Sewer (visited)
 Temple: D:4-7

Altars:

Shops:
D:3 :


Innate Abilities, Weirdness & Mutations

You are too large for most types of armour.
You have claws for hands.
Your natural rate of healing is unusually fast.
You are covered in fur. (AC +1)
You have tough skin. (AC +1)


Message History

You are too injured to fight recklessly!
You are too injured to fight recklessly!
You are too injured to fight recklessly!
You are too injured to fight recklessly!
You are too injured to fight recklessly!
You are too injured to fight recklessly!
You are too injured to fight recklessly!
You are too injured to fight recklessly!
You are too injured to fight recklessly!
You are too injured to fight recklessly!
You are too injured to fight recklessly!
You are too injured to fight recklessly!
You are too injured to fight recklessly!
You are too injured to fight recklessly!
You are too injured to fight recklessly!
You are too injured to fight recklessly!
You are too injured to fight recklessly!
You are too injured to fight recklessly!
You are too injured to fight recklessly!
You are too injured to fight recklessly!
You are too injured to fight recklessly!
You are too injured to fight recklessly!
You are too injured to fight recklessly!
Unknown command.
You sock the jelly!
You kill the jelly!
Trog accepts your kill. The ice beast closely misses you.
You hit the ice beast. The ice beast hits you. The ice beast freezes you!
You hit the ice beast but do no damage. The ice beast barely misses you.
You closely miss the ice beast. The ice beast hits you.
The ice beast freezes you!
* * * LOW HITPOINT WARNING * * *
Your skin crawls.
You feel strong-willed. The ice beast barely misses you.
You hit the ice beast but do no damage. The ice beast hits you.
* * * LOW HITPOINT WARNING * * *
The ice beast freezes you!
You die...

#......##
##.......## ### ###
#.........##
#.#####.#
#..........#
##......#
..........#
##....## .......
####..... #.Y.##
####..)..... #@..#
#........... #...##
#...........
##...###...........
##...##...........
##..###....<.....
##..###.........
#...###........
##..####.......
####..####......


You could see an ice beast.

Vanquished Creatures
  2 black bears (D:5)
  An orc warrior (D:6)
  A bullfrog (D:6)
  3 scorpions
  3 wights (D:6)
  A howler monkey (D:5)
  2 bombardier beetles (D:5)
  A gnoll bouda (D:5)
  3 hounds
  7 jellies
  An iguana (D:5)
  Ijyb (D:5)
  2 orc wizards
  Robin (D:4)
  10 adders
  9 gnolls
  A river rat (Sewer)
  2 shadow imps
  A white imp (D:5)
  2 ufetubi (D:6)
  A ribbon worm (D:2)
  2 dart slugs
  11 orcs
  11 bats
  16 endoplasms
  8 giant cockroaches
  12 goblins
  11 hobgoblins
  7 jackals
  4 quokkas
  9 ball pythons
  7 frilled lizards
  7 kobolds
  11 rats
171 creatures vanquished.

Vanquished Creatures (collateral kills)
  A centaur (D:6)
  A phantom (D:6)
2 creatures vanquished.

Vanquished Creatures (others)
  A goblin (D:4)
1 creature vanquished.

Grand Total: 174 creatures vanquished

Notes
Turn   | Place    | Note
-------+----------+-------------------------------------------
     0 | D:1      | Goreval the Troll Berserker began the quest for the Orb.
     0 | D:1      | Reached XP level 1. HP: 22/22 MP: 0/0
   269 | D:1      | Reached skill level 3 in Maces & Flails
   269 | D:1      | Reached XP level 2. HP: 29/29 MP: 1/1
   737 | D:1      | Reached XP level 3. HP: 36/36 MP: 2/2
  1017 | D:2      | Reached ** piety under Trog
  1478 | D:2      | Reached XP level 4. HP: 44/44 MP: 3/3
  2033 | D:3      | Found Ekli Cuo's Book Shoppe.
  2084 | D:3      | Reached *** piety under Trog
  2158 | D:3      | Found a glowing drain.
  2178 | D:3      | Reached skill level 4 in Maces & Flails
  2208 | Sewer    | Entered a sewer
  2254 | Sewer    | Reached XP level 5. HP: 45/53 MP: 4/4
  2382 | Sewer    | Found a viscous altar of Jiyva.
  2500 | Sewer    | Reached XP level 6. HP: 49/61 MP: 5/5
  2633 | D:3      | Reached **** piety under Trog
  2716 | D:3      | Reached skill level 5 in Maces & Flails
  2847 | D:4      | Noticed Robin
  2874 | D:4      | Killed Robin
  3242 | D:5      | Entered Level 5 of the Dungeon
  3297 | D:5      | Reached XP level 7. HP: 68/68 MP: 6/6
  3470 | D:5      | Noticed Ijyb
  3489 | D:5      | Killed Ijyb
  3552 | D:5      | Reached skill level 6 in Maces & Flails
  3583 | D:5      | Reached ***** piety under Trog
  3893 | D:5      | Reached XP level 8. HP: 46/79 MP: 7/7
  4156 | D:6      | Reached skill level 1 in Shields
  4158 | D:6      | Reached skill level 7 in Maces & Flails
  4356 | D:6      | Reached skill level 5 in Fighting
  4772 | D:6      | Slain by an ice beast

Illustrated notes

Levels and vault maps discovered:
D:1:      minmay_arrival_shattered_statue, layout_basic
D:2:      layout_loops_corners, nicolae_figureground_pulse
D:3:      layout_rooms, gup_sewer_entry_glass, serial_shops, shop
D:4:      layout_gridville, uniq_robin
D:5:      layout_loops_ring, minmay_puff, uniq_ijyb
D:6:      layout_cave_pods

Skill      XL: |  1  2  3  4  5  6  7  8 |
---------------+-------------------------+-----
Maces & Flails | 3 4 5 6 7 |  7.8
Fighting       | 3 4 5 |  5.2
Dodging        | 3 4 |  4.3
Shields        | 2 |  2.7

Action                     |  1- 3 |  4- 6 |  7- 9 || total
---------------------------+-------+-------+-------++-------
  Melee: Mace              |   116 |   291 |   244 ||   651
  Throw: Stone             |    45 |       |       ||    45
 Invoke: Berserk           |       |     5 |     2 ||     7
         Trog's Hand       |       |     1 |     2 ||     3
         Brothers in Arms  |       |       |     1 ||     1
   Stab: Sleeping          |       |     1 |       ||     1
 Armour: Animal skin       |    76 |   237 |   224 ||   537
  Dodge: Dodged            |    36 |   164 |    93 ||   293
         Repelled          |       |       |     1 ||     1
  Block: Kite shield       |    44 |   131 |    90 ||   265
